 Dungeon Crawl Stone Soup version 0.28.0-45-g0d030f2227 (webtiles) character file.

Game seed: 13280961653107502456

3384 protoss039 the Covert (level 9, -1/45 HPs)
             Began as a Spriggan Enchanter on May 15, 2022.
             Was a Believer of Dithmenos.
             Slain by an orc warrior
             ... wielding a +0 battleaxe
              (25 damage)
             ... on level 8 of the Dungeon.
             The game lasted 00:30:05 (11299 turns).

protoss039 the Covert (Spriggan Enchanter)         Turns: 11299, Time: 00:30:05

Health: -1/45      AC:  2    Str:  4    XL:     9   Next: 74%
Magic:  19/21      EV: 22    Int: 17    God:    Dithmenos [**....]
Gold:   386        SH:  0    Dex: 25    Spells: 7/23 levels left

rFire   . . .      SeeInvis +   a - +4 dagger
rCold   . . .      Faith    .   (no shield)
rNeg    . . .      Spirit   .   b - +0 robe
rPois   .          Reflect  .   (helmet restricted)
rElec   .          Harm     .   (no cloak)
rCorr   .          Rampage  .   (gloves unavailable)
Will    +....                   (boots unavailable)
Stlth   +++++++...              k - amulet of magic regeneration
HPRegen 0.15/turn               y - +6 ring of dexterity
MPRegen 0.57/turn               (no ring)

@: wreathed by umbra, very quick
A: very small, no large weapons, unfitting armour, see invisible, speed 3
a: Renounce Religion, Shadow Step


You were on level 8 of the Dungeon.
You worshipped Dithmenos.
Dithmenos was pleased with you.
You visited 2 branches of the dungeon, and saw 9 of its levels.
You also visited: Sewer.

You collected 386 gold pieces.

Inventory:

Hand Weapons
 a - a +4 dagger (weapon)
 u - a +1 vampiric short sword
 w - a +0 hunting sling
 O - a +2 short sword of draining
 Q - a +2 dagger of venom
Missiles
 f - 223 stones (quivered)
 l - 49 sling bullets
 q - a throwing net
 I - 2 curare-tipped darts
 J - 12 poisoned darts
Armour
 b - a +0 robe (worn)
Jewellery
 k - an amulet of magic regeneration (around neck)
 s - an amulet of regeneration
 y - a +6 ring of dexterity (left hand)
Wands
 E - a wand of flame (39)
 M - a wand of mindburst (11)
Scrolls
 i - a scroll of fog {unknown}
 j - 2 scrolls of teleportation
 m - 2 scrolls of amnesia {unknown}
 t - a scroll of enchant weapon {unknown}
 v - a scroll of brand weapon {unknown}
 A - a scroll of identify
 D - a scroll of torment {unknown}
 F - 2 scrolls of silence {unknown}
 G - a scroll of fear {unknown}
 K - a scroll of acquirement {unknown}
 P - a scroll of vulnerability {unknown}
Potions
 c - 3 potions of invisibility
 e - a potion of lignification {unknown}
 g - 3 potions of flight
 h - 2 potions of brilliance {unknown}
 n - a potion of magic {unknown}
 o - 2 potions of cancellation {unknown}
 p - 4 potions of resistance {unknown}
 r - 3 potions of curing {unknown}
 x - 2 potions of attraction {unknown}
 z - 3 potions of degeneration {unknown}
 B - a potion of ambrosia {unknown}
 C - a potion of haste {unknown}
 H - a potion of berserk rage {unknown}
 N - 2 potions of heal wounds {unknown}


   Skills:
 + Level 4.0 Fighting
 - Level 3.0 Short Blades
 - Level 6.0 Dodging
 + Level 10.9 Stealth
 * Level 7.7 Spellcasting
 - Level 6.0 Hexes
 - Level 3.0 Transmutations
 - Level 3.0 Earth Magic
 * Level 5.2 Invocations


You had 7 spell levels left.
You knew the following spells:

 Your Spells              Type           Power      Damage    Failure   Level
a - Ensorcelled Hibernat  Hex/Ice        32%        N/A       4%          2
b - Confusing Touch       Hex            26%        N/A       2%          3
c - Stone Arrow           Conj/Erth      22%        3d8       17%         3
d - Tukima's Dance        Hex            26%        N/A       2%          3
e - Dazzling Flash        Conj/Hex       32%        N/A       10%         3
f - Passwall              Tmut/Erth      13%        N/A       4%          2

Your spell library contained the following spells:

 Spells                   Type           Power      Damage    Failure   Level
 Inner Flame              Hex/Fire       16%        N/A       10%         3
 Foxfire                  Conj/Fire      24%        2x1d5     11%         1
 Blink                    Tloc           12%        N/A       16%         2
 Scorch                   Fire           12%        2d6       16%         2
 Conjure Flame            Conj/Fire      6%         6-21      32%         3
 Swiftness                Air            6%         N/A       32%         3
 Animate Armour           Summ/Erth      22%        N/A       50%         4
 Flame Wave               Conj/Fire      6%         2d5       71%         4
 Manifold Assault         Tloc           6%         N/A       96%         5
 Summon Cactus Giant      Summ           3%         N/A       100%        6
 Storm Form               Tmut/Air       5%         N/A       100%        7
 Lehudib's Crystal Spear  Conj/Erth      5%         10d3      100%        8


Dungeon Overview and Level Annotations

Branches:
Dungeon (8/15)             Temple (1/1) D:5           Sewer (visited)
   Lair: D:8-11

Altars:
Ashenzari
Cheibriados
Dithmenos
Elyvilon
Fedhas
Gozag
Hepliaklqana
Kikubaaqudgha
Makhleb
Nemelex Xobeh
Okawaru
Qazlal
Ru
Sif Muna
Trog
Uskayaw
Vehumet
Wu Jian
Xom
Yredelemnul
Zin
The Shining One

Annotations:
D:4 groll's ghost, amateur MiBe


Innate Abilities, Weirdness & Mutations

You are very small and have problems with some larger weapons.
You are too small for most types of armour.
You have supernaturally acute eyesight. (SInv)
You cover ground extremely quickly. (Speed+++)


Message History

You kill the orc!
Dithmenos accepts your kill. The orc warrior misses you.
The orc completely misses you. The jelly completely misses you.
The orc warrior closely misses you.
Unknown command.
Unknown command.
An orc comes into view. It is wielding a +0 dagger.
Casting: Dazzling Flash (dangerous; 10% risk of failure)
Confirm with . or Enter, or press ? or * to list all spells.
Your hands begin to glow red.
Unknown command.
You hit the jelly but do no damage.
The jelly appears confused.
Your hands burn!
You hit the jelly.
Your hands burn!
The jelly is moderately wounded.
The jelly completely misses you.
The orc shouts!
You hit the jelly.
Your hands burn!
The jelly is moderately wounded.
You hear a shout!
The orc warrior closely misses you. The jelly misses you.
The jelly hits itself.
You strike the helpless jelly from behind!
You impale the jelly!!
You kill the jelly!
Dithmenos accepts your kill. The orc warrior misses you.
You start resting.
Magic restored.
You start resting.
An orc warrior is nearby!
Casting: Confusing Touch (dangerous; 2% risk of failure)
Confirm with . or Enter, or press ? or * to list all spells.
Your hands begin to glow red.
Unknown command.
You hit the orc warrior but do no damage.
The orc warrior appears confused.
The orc warrior is moderately wounded.
The orc warrior hits you with a +0 battleaxe!!
Ouch! That really hurt!
You die...

#######>## #..........# .......
.........###.8........###........
.........#.#............#........
######.....####...###.<.#......#
#....###.#.⌠.# #...#......#
#.....#..#...#######......#.
####..#..#...#..####......#.
#..#..#...#....ooo.......
####....#..@##...##.........
##.......#..o#...#.####o.....
#.....##.....o..#.>...o..D...
#.....##................oo...
#.....###.##.###..........o..
#####......##..#####...........o#
.........#####..##...............
####........................##.#(
##..#########.###........##.##


You could see an orc warrior (confused) and an orc.

Vanquished Creatures
  A troll (D:6)
  A wraith (D:6)
  A steam dragon (D:7)
  A water moccasin (D:6)
  Duvessa (D:7)
  A black bear (D:7)
  An ice beast (D:7)
  2 orc warriors
  An ogre (D:6)
  2 centaurs
  2 kobold brigands
  Blork the orc (D:4)
  A scorpion (D:7)
  A water moccasin zombie (D:5)
  Dowan (D:7)
  9 wights
  2 howler monkeys (D:7)
  A bullfrog zombie (D:3)
  A centaur zombie (D:6)
  A hound (D:6)
  8 jellies
  2 bullfrog skeletons
  A centaur skeleton (D:7)
  5 orc priests
  A gnoll shaman (D:6)
  8 orc wizards
  5 iguanas
  A killer bee zombie (D:7)
  A hound skeleton (D:4)
  5 gnolls
  4 adders
  3 river rats
  A white imp (D:6)
  An ufetubus (D:4)
  4 worms
  3 dart slugs
  32 orcs
  11 ball pythons
  7 bats
  13 endoplasms
  10 giant cockroaches
  15 goblins
  7 hobgoblins
  9 jackals
  14 kobolds
  A quokka (D:2)
  7 frilled lizards
  10 rats
221 creatures vanquished.

Notes
Turn   | Place    | Note
-------+----------+-------------------------------------------
     0 | D:1      | protoss039 the Spriggan Enchanter began the quest for the
                  | Orb.
     0 | D:1      | Reached XP level 1. HP: 9/9 MP: 5/5
   152 | D:1      | Reached skill level 5 in Stealth
   362 | D:1      | Reached XP level 2. HP: 13/13 MP: 6/6
   365 | D:1      | Learned a level 2 spell: Ensorcelled Hibernation
   798 | D:1      | Found a faded altar of an unknown god.
  1163 | D:2      | Reached skill level 6 in Stealth
  1163 | D:2      | Reached XP level 3. HP: 16/16 MP: 8/8
  1803 | D:2      | Learned a level 3 spell: Confusing Touch
  2225 | D:2      | Reached skill level 7 in Stealth
  2806 | D:3      | Reached XP level 4. HP: 17/21 MP: 6/9
  3147 | D:3      | Found a glowing drain.
  3222 | Sewer    | Entered a sewer
  3479 | Sewer    | Reached skill level 1 in Fighting
  3672 | Sewer    | Reached XP level 5. HP: 25/25 MP: 3/11
  3714 | Sewer    | Found a viscous altar of Jiyva.
  3803 | Sewer    | Reached XP level 6. HP: 32/32 MP: 10/12
  3812 | Sewer    | Reached skill level 8 in Stealth
  4102 | D:3      | Found a glowing silver altar of Zin.
  4112 | D:3      | Found a radiant altar of Vehumet.
  4118 | D:3      | Found a stormy altar of Qazlal.
  4125 | D:3      | Found a shimmering altar of Xom.
  4131 | D:3      | Found a blossoming altar of Fedhas.
  4138 | D:3      | Found a hide-covered altar of Uskayaw.
  4143 | D:3      | Found a sacrificial altar of Ru.
  4919 | D:4      | Noticed Blork the orc
  4933 | D:4      | Killed Blork the orc
  5263 | D:4      | Reached skill level 5 in Spellcasting
  5514 | D:4      | Found a transporter.
  5514 | D:4      | Noticed groll's ghost (amateur MiBe)
  5547 | D:4      | Found a transporter.
  6036 | D:4      | Learned a level 3 spell: Stone Arrow
  6037 | D:5      | Entered Level 5 of the Dungeon
  6037 | D:5      | Found a staircase to the Ecumenical Temple.
  6060 | D:5      | Reached XP level 7. HP: 25/36 MP: 15/15
  6068 | Temple   | Entered the Ecumenical Temple
  6213 | Temple   | Became a worshipper of Dithmenos the Shadowed
  6235 | D:5      | Reached skill level 9 in Stealth
  6406 | D:4      | Reached skill level 1 in Invocations
  6966 | D:5      | Reached skill level 1 in Earth Magic
  7117 | D:5      | Found an iron altar of Okawaru.
  7195 | D:5      | Reached * piety under Dithmenos
  7533 | D:6      | Learned a level 3 spell: Tukima's Dance
  7587 | D:6      | Reached XP level 8. HP: 21/40 MP: 10/18
  7959 | D:6      | Noticed a troll
  8362 | D:6      | Killed a troll
  8363 | D:6      | Reached skill level 5 in Hexes
  8587 | D:6      | Learned a level 3 spell: Dazzling Flash
  8590 | D:6      | Learned a level 2 spell: Passwall
  8880 | D:6      | Reached skill level 10 in Stealth
  8997 | D:6      | Reached ** piety under Dithmenos
  9204 | D:6      | Reached skill level 1 in Transmutations
  9275 | D:6      | Reached skill level 5 in Dodging
  9275 | D:6      | Reached XP level 9. HP: 44/44 MP: 17/19
 10126 | D:7      | Found a basalt altar of Yredelemnul.
 10128 | D:7      | Noticed a profane servitor
 10408 | D:7      | Noticed Dowan
 10411 | D:7      | Noticed Duvessa
 10418 | D:7      | Killed Duvessa
 10421 | D:7      | Killed Dowan
 10701 | D:7      | Found a glowing golden altar of the Shining One.
 10703 | D:7      | Noticed an angel
 11071 | D:8      | Reached skill level 5 in Invocations
 11299 | D:8      | Slain by an orc warrior

Illustrated notes

Levels and vault maps discovered:
D:1:      dpeg_arrival_central, layout_basic, ebering_ecumenical_altar_hall
D:2:      layout_basic, serial_park_tiny_pond
D:3:      layout_rooms, grunt_temple_overflow_octagram, portal_sewer_entry_a,
          grunt_decor_one_mirror
D:4:      layout_gridville, gammafunk_ghost_stat_death, uniq_blork_the_orc
D:5:      layout_cave_pools, okawaru_altar_gauntlet_db, temple_fountains
D:6:      minmay_angry_zag, layout_loops_ring, minmay_ogre_servants
D:7:      layout_basic, grunt_temple_overflow_holy_war, kennysheep_small_circle,
          uniq_duvessa
D:8:      layout_cave_pools, serial_co_window_serial, co_window_paths_a,
          co_window_corner_a, co_window_paths_a, co_window_corner_a,
          co_window_paths_a, co_window_cross_4, co_window_unsneaky_path_d,
          co_window_of_opportunity_c, co_window_2corner,
          gammafunk_ghost_cemetery, nicolae_elevator_lobby_asterisk
Temple:   nicolae_temple_x_marks_the_god

Skill      XL: |  1  2  3  4  5  6  7  8  9 |
---------------+----------------------------+-----
Dodging        | 3 5 6 |  6.0
Stealth        | 5 6 7 8 9 10 | 10.9
Spellcasting   | 3 5 6 7 |  7.7
Hexes          | 4 5 6 |  6.0
Fighting       | 1 2 3 4 |  4.0
Invocations    | 2 3 5 |  5.2
Earth Magic    | 1 2 3 |  3.0
Short Blades   | 3 |  3.0
Transmutations | 2 3 |  3.0

Action                   |  1- 3 |  4- 6 |  7- 9 || total
-------------------------+-------+-------+-------++-------
Melee: Dagger            |   140 |   164 |   251 ||   555
       Punch             |     2 |       |     6 ||     8
 Fire: Hunting sling     |       |     4 |    17 ||    21
Throw: Stone             |       |    12 |     2 ||    14
 Cast: Ensorcelled Hiber |    27 |    60 |    76 ||   163
       Confusing Touch   |       |     4 |    21 ||    25
       Dazzling Flash    |       |       |     5 ||     5
       Tukima's Dance    |       |       |     1 ||     1
  Use: Scroll            |       |       |     2 ||     2
 Stab: Sleeping          |    27 |    57 |    54 ||   138
       Confused          |       |     3 |    17 ||    20
       Invisible         |       |       |     5 ||     5
Armor: Robe              |    14 |    16 |    13 ||    43
Dodge: Dodged            |   111 |   161 |   290 ||   562
